 Dungeon Crawl Stone Soup version 0.31-a0-672-g7da72447bb (webtiles) character file.

Game seed: 1159551611208946848

39 Babbit the Vexing (level 3, -3/28 HPs)
             Began as a Gnoll Hexslinger on Sept 4, 2023.
             Slain by a hound (4 damage)
             ... on level 2 of the Dungeon.
             The game lasted 00:06:52 (1071 turns).

Babbit the Vexing (Gnoll Hexslinger)                Turns: 1071, Time: 00:06:52

Health: -3/28      AC:  2    Str:  7    XL:     3   Next: 47%
Magic:  7/7        EV: 14    Int: 12    God:
Gold:   115        SH:  0    Dex: 16    Spells: 6/7 levels left

rFire   . . .        a - +1 sling
rCold   . . .        (no shield)
rNeg    . . .        c - +0 robe
rPois   .            (no helmet)
rElec   .            (no cloak)
rCorr   .            (no gloves)
SInv    .            (no boots)
Will    .....        (no amulet)
Stlth   ++           (no ring)
HPRegen 0.24/turn    (no ring)
MPRegen 0.10/turn

%: no passive effects
@: brilliant, about to teleport
A: fangs 1, strong nose, distributed training
a: no special abilities


You were on level 2 of the Dungeon.
You visited 1 branch of the dungeon, and saw 2 of its levels.

You collected 115 gold pieces.

Inventory:

Hand Weapons
 a - a +1 sling (weapon)
Armour
 c - a +0 robe (worn)
Scrolls
 g - a scroll of torment {unknown}
 i - a scroll of fog {unknown}
Potions
 e - a potion of heal wounds {unknown}
 f - a potion of degeneration {unknown}
 h - 2 potions of brilliance
 j - a potion of curing {unknown}
 k - a potion of lignification {unknown}


   Skills:
 + Level 2.6 Fighting
 + Level 0.8 Short Blades
 + Level 0.8 Long Blades
 + Level 0.8 Axes
 + Level 0.8 Maces & Flails
 + Level 0.8 Polearms
 + Level 0.8 Staves
 + Level 4.5 Ranged Weapons
 + Level 0.8 Throwing
 + Level 0.8 Armour
 + Level 4.5 Dodging
 + Level 0.8 Stealth
 + Level 0.8 Shields
 + Level 0.8 Unarmed Combat
 + Level 2.8 Spellcasting
 + Level 0.5 Conjurations
 + Level 5.4 Hexes
 + Level 0.5 Summonings
 + Level 0.5 Necromancy
 + Level 0.5 Translocations
 + Level 0.5 Transmutations
 + Level 0.5 Fire Magic
 + Level 0.5 Ice Magic
 + Level 0.5 Air Magic
 + Level 0.5 Earth Magic
 + Level 0.5 Poison Magic
 + Level 1.0 Invocations
 + Level 0.8 Evocations
 + Level 0.7 Shapeshifting


You had 6 spell levels left.
You knew the following spells:

 Your Spells              Type           Power      Damage    Failure   Level
a - Slow                  Hex            88%        N/A       2%          1

Your spell library contained the following spells:

 Spells                   Type           Power      Damage    Failure   Level
 Inner Flame              Hex/Fire       13%        N/A       22%         3
 Portal Projectile        Hex/Tloc       26%        N/A       22%         3
 Cause Fear               Hex            11%        N/A       26%         4


Dungeon Overview and Level Annotations

Branches:
Dungeon (2/15)

Altars:


Innate Abilities, Weirdness & Mutations

You have very sharp teeth.
Your uncanny sense of smell can sniff out nearby items.
Your experience applies equally to all skills.


Message History

Aim: a hound (lightly wounded, 51% to hit)
You shoot a sling bullet.
The sling bullet hits the hound but does no damage.
The hound is lightly wounded.
The hound misses you. x2
Fire: a) +1 sling
Press: ? - help, Q - select action, (/) - cycle Shift-Dir - straight line, f/p - hound
Aim: a hound (lightly wounded, 51% to hit)
You shoot a sling bullet.
The sling bullet barely misses the hound.
The hound closely misses you. The hound bites you.
It was a potion of brilliance.
You feel clever all of a sudden. The hound barely misses you.
A worm comes into view.
The frilled lizard closely misses you.
Fire: a) +1 sling
Press: ? - help, Q - select action, (/) - cycle Shift-Dir - straight line, f/p - hound
Aim: a hound (lightly wounded, 51% to hit)
You shoot a sling bullet.
The sling bullet hits the hound but does no damage.
The hound is lightly wounded.
The hound bites you. The hound bites you but does no damage.
The frilled lizard barely misses you.
As you read the scroll labelled DIENETH KILA, it crumbles to dust.
It is a scroll of identify.
l - a scroll of teleportation The hound bites you.
The frilled lizard closely misses you. The hound bites you.
* * * LOW HITPOINT WARNING * * *
As you read the scroll of teleportation, it crumbles to dust.
You feel strangely unstable. The hound closely misses you.
The frilled lizard bites you.
* * * LOW HITPOINT WARNING * * *
The hound misses you. The hound attacks as it pursues you!
The hound barely misses you. The hound attacks as it pursues you!
The hound bites you.
* * * LOW HITPOINT WARNING * * *
The hound bites you.
You die...

...#... ∆ .#
.......#∆ .#∆ ..
.......####.# #..
.....!w.... ...#
.......††#####...#
#####............. .
...............# ..
.......hl......##...
.......@.....#......
......#.##...#....#
......#...........#
.
......#.......###...
...
#!..............+
..#
..............###
... . ............#
.....
............###
......
..............#
......


You could see a worm, a hound and a frilled lizard.

Vanquished Creatures
  2 adders (D:2)
  5 endoplasms
  2 giant cockroaches
  3 goblins
  2 hobgoblins (D:2)
  A frilled lizard (D:1)
  2 kobolds (D:1)
  3 rats (D:1)
20 creatures vanquished.

Notes
Turn   | Place    | Note
-------+----------+-------------------------------------------
     0 | D:1      | Babbit the Gnoll Hexslinger began the quest for the Orb.
     0 | D:1      | Reached XP level 1. HP: 17/17 MP: 4/4
   236 | D:1      | Reached XP level 2. HP: 23/23 MP: 5/5
   236 | D:1      | Upgraded the game from 0.31-a0-667-g39726597b9 to
                  | 0.31-a0-672-g7da72447bb
   965 | D:2      | Reached XP level 3. HP: 28/28 MP: 7/7
  1040 | D:2      | Reached skill level 1 in Invocations
  1071 | D:2      | HP: 1/28 [hound (4)]
  1071 | D:2      | Slain by a hound

Illustrated notes

Levels and vault maps discovered:
D:1:      dpeg_arrival_short_road, layout_basic, nicolae_the_louvre
D:2:      layout_basic, minmay_nonomino_d4

Skill      XL: |  1  2  3 |
---------------+----------+-----
Invocations    | 1 |  1.0
Fighting       | |  2.6
Short Blades   | |  0.8
Long Blades    | |  0.8
Axes           | |  0.8
Maces & Flails | |  0.8
Polearms       | |  0.8
Staves         | |  0.8
Ranged Weapons | |  4.5
Throwing       | |  0.8
Armour         | |  0.8
Dodging        | |  4.5
Stealth        | |  0.8
Shields        | |  0.8
Unarmed Combat | |  0.8
Spellcasting   | |  2.8
Conjurations   | |  0.5
Hexes          | |  5.4
Summonings     | |  0.5
Necromancy     | |  0.5
Translocations | |  0.5
Transmutations | |  0.5
Fire Magic     | |  0.5
Ice Magic      | |  0.5
Air Magic      | |  0.5
Earth Magic    | |  0.5
Poison Magic   | |  0.5
Evocations     | |  0.8
Shapeshifting  | |  0.7

Action                     || total
---------------------------++-------
   Fire: Sling             ||    61
   Cast: Slow              ||     1
    Use: Scroll            ||     3
         Potion            ||     1
 Armour: Robe              ||    18
  Dodge: Dodged            ||    29

Table legend: (Time is in decaauts)
 A = Elapsed time spent in this place.
 B = Non-inter-level travel time spent in this place.
 C = Inter-level travel time spent in this place.
 D = Time resting spent in this place.
 E = Time spent auto-exploring this place.
 F = Levels seen in this place.
 G = Mean time per level.
                   A        B        C        D        E       F      G
               +--------+--------+--------+--------+--------+-----+--------+
         Total |   1081 |   1038 |     43 |     11 |    898 |   2 |  540.5 |
       Dungeon |   1081 |   1038 |     43 |     11 |    898 |   2 |  540.5 |
               +--------+--------+--------+--------+--------+-----+--------+

Top non-repeatable levels by time:
     D:1: 838 daAuts
     D:2: 243 daAuts
